 Dungeon Crawl Stone Soup version 0.24.0-13-gcf9b319 (webtiles) character file.

Game seed: 16453634127386688897, levelgen mode: deterministic

85 silenth the Vexing (level 4, -1/25 HPs)
             Began as a Deep Elf Enchanter on Feb 7, 2020.
             Slain by a gnoll (4 damage)
             ... on level 1 of the Dungeon.
             The game lasted 00:03:40 (1765 turns).

silenth the Vexing (Deep Elf Enchanter)             Turns: 1765, Time: 00:03:41

Health: -1/25      AC:  2    Str:  5    XL:     4   Next: 25%
Magic:  5/11       EV: 13    Int: 21    God:
Gold:   82         SH:  0    Dex: 15    Spells: 1/10 levels left

rFire    . . .     SeeInvis .   a - +1 dagger
rCold    . . .     Gourm    .   (no shield)
rNeg     . . .     Faith    .   b - +0 robe
rPois    .         Spirit   .   (no helmet)
rElec    .         Reflect  .   (no cloak)
rCorr    .         Harm     .   (no gloves)
MR       .....                  (no boots)
Stlth    +++.......             (no amulet)
HPRegen  0.08/turn              (no ring)
MPRegen  0.12/turn              (no ring)

@: no status effects
A: no striking features
a: no special abilities


You were on level 1 of the Dungeon.
You were very hungry.

You visited 1 branch of the dungeon, and saw 2 of its levels.

You collected 82 gold pieces.

Inventory:

Hand Weapons
 a - a +1 dagger (weapon)
Missiles
 h - 13 poisoned darts (quivered)
Armour
 b - a +0 robe (worn)
Wands
 i - a wand of iceblast (8)
Scrolls
 f - a scroll of identify {unknown}
Potions
 c - a potion of heal wounds {unknown}
 d - a potion of degeneration {unknown}
 g - a potion of flight {unknown}
 j - a potion of berserk rage {unknown}
 k - a potion of curing {unknown}
Comestibles
 e - 2 rations


   Skills:
 + Level 1.2 Fighting
 - Level 1.0 Short Blades
 - Level 2.4 Dodging
 + Level 4.3 Stealth
 + Level 3.9 Spellcasting
 + Level 4.7 Hexes
 + Level 1.4 Ice Magic


You had one spell level left.
You knew the following spells:

 Your Spells              Type           Power        Failure   Level  Hunger
a - Ensorcelled Hibernat  Hex/Ice        ###...       5%          2    #......
b - Corona                Hex            ###....      1%          1    None
c - Confuse               Hex            ###.....     5%          3    ###....
d - Tukima's Dance        Hex            ###.....     5%          3    ###....

Your spell library contained the following spells:

 Spells                   Type           Power        Failure   Level  Hunger
 Dazzling Spray           Conj/Hex       ##....       14%         3    ###....


Dungeon Overview and Level Annotations

Branches:
Dungeon (2/15)

Altars:


Message History

Confirm with . or Enter, or press ? or * to list all spells.
Aiming: Ensorcelled Hibernation (safe; 5% risk of failure)
Press: ? - help, Shift-Dir - straight line, f/p - gnoll
Aim: a gnoll (softly glowing, chance to defeat MR: 56%)
The gnoll looks drowsy...
Your +0 halberd hits the gnoll from afar.
The gnoll shouts!
The gnoll stops glowing.
There is a stone staircase leading up here.
The gnoll hits you.
* * * LOW HITPOINT WARNING * * *
You climb upwards.
There is a stone staircase leading down here.
Casting: Ensorcelled Hibernation (safe; 5% risk of failure)
Confirm with . or Enter, or press ? or * to list all spells.
Aiming: Corona (safe; 1% risk of failure)
Press: ? - help, Shift-Dir - straight line, f - gnoll
Aim: a gnoll (chance to defeat MR: 71%)
The gnoll is outlined in light.
The gnoll hits you.
You die...

############### ##.###
#####.###
#.............####..# #..##
##..#########..#...## ##..#
###..#### ##...### ##.#
........######....# #...
......>........##.# #.##
...........#...##.## #.#
...........###..g..## #.#
###..##.##.#####@...# #.#
##.###.##...#
####.##########.##
##..###.####.##
#.##...........
....##........##
#.#.#.......#..
###.##.........#
#.#..#...#...#.
#............##
#.#...#...#...#
###..##..###..#
#(#....#...#...
##..........###.#.....#.#.#..
#####รท###....#.#..#...#...#.


You could see a gnoll.

Vanquished Creatures
  4 gnolls
  An adder (D:2)
  An ooze (D:1)
  A worm (D:2)
  2 dart slugs
  2 giant cockroaches
  5 goblins
  A hobgoblin (D:1)
  A ball python (D:2)
  6 bats
  2 kobolds
  5 rats
31 creatures vanquished.

Vanquished Creatures (others)
  A dancing weapon (D:2)
1 creature vanquished.

Grand Total: 32 creatures vanquished

Notes
Turn   | Place    | Note
-------+----------+-------------------------------------------
     0 | D:1      | silenth the Deep Elf Enchanter began the quest for the Orb.
     0 | D:1      | Reached XP level 1. HP: 10/10 MP: 6/6
   221 | D:1      | Reached XP level 2. HP: 6/16 MP: 6/8
   238 | D:1      | Learned a level 2 spell: Ensorcelled Hibernation
   498 | D:1      | Reached skill level 4 in Stealth
   906 | D:1      | Reached XP level 3. HP: 7/20 MP: 0/9
  1148 | D:2      | Reached skill level 1 in Fighting
  1182 | D:2      | Learned a level 3 spell: Confuse
  1186 | D:2      | Learned a level 3 spell: Tukima's Dance
  1322 | D:2      | Reached skill level 1 in Ice Magic
  1581 | D:2      | Reached XP level 4. HP: 19/25 MP: 6/11
  1632 | D:2      | HP: 2/25 [ooze (4)]
  1765 | D:1      | Slain by a gnoll

Levels and vault maps discovered:
D:1:      matt_arrival_diagonals, layout_rooms
D:2:      layout_loops_ring, minitemple, first_ration

Skill      XL: |  1  2  3 |
---------------+----------+-----
Stealth        | 4 |  4.3
Fighting       | 1 |  1.2
Ice Magic      | 1 |  1.4
Short Blades   | |  1.0
Dodging        | |  2.4
Spellcasting   | |  3.9
Hexes          | |  4.7

Action                   |  1- 3 |  4- 6 || total
-------------------------+-------+-------++-------
Melee: Dagger            |    98 |    19 ||   117
 Cast: Corona            |     4 |     3 ||     7
       Ensorcelled Hiber |    11 |     4 ||    15
       Tukima's Dance    |       |     3 ||     3
       Confuse           |       |     1 ||     1
 Stab: Sleeping          |    14 |     1 ||    15
       Distracted        |     1 |       ||     1
  Eat: Chunk             |     2 |       ||     2
Armor: Robe              |    18 |     3 ||    21
Dodge: Dodged            |    76 |    16 ||    92
